 Dungeon Crawl Stone Soup version 0.18.1-50-g88ac8fd (webtiles) character file.

5033 spiff the Artisan of Death (level 10, 77/87 HPs)
             Began as a Deep Dwarf Fighter on Sept 13, 2016.
             Was a Priest of Kikubaaqudgha.
             Quit the game on level 9 of the Dungeon on Sept 15, 2016.
             The game lasted 00:27:59 (6988 turns).

spiff the Artisan of Death (Deep Dwarf Fighter)     Turns: 6988, Time: 00:28:00

Health: 77/87      AC: 22    Str: 26    XL:     10   Next: 30%
Magic:  15/17      EV: 10    Int: 15    God:    Kikubaaqudgha [***...]
Gold:   339        SH:  0    Dex: 12    Spells: 2 memorised, 16 levels left

rFire  . . .     SeeInvis .     a - +0 war axe (chaos)
rCold  . . .     Gourm    .     F - +4 chain mail of the Three Spirits {Str+6 Int+3}
rNeg   . . .     Faith    .     (no shield)
rPois  .         Spirit   .     (no helmet)
rElec  .         Dismiss  .     (no cloak)
rCorr  .         Reflect  .     x - +0 pair of gloves
SustAt .         Harm     .     (no boots)
MR     +....                    (no amulet)
Stlth  ..........               C - +4 ring of protection
                                y - +4 ring of protection

@: non-regenerating, somewhat resistant to hostile enchantments, extremely
unstealthy
A: damage resistance, recharge devices, sense surroundings 2, slow regeneration
3
a: Device Recharging, Receive Corpses, Renounce Religion


You were on level 9 of the Dungeon.
You worshipped Kikubaaqudgha.
Kikubaaqudgha was most pleased with you.
You were not hungry.

You visited 1 branch of the dungeon, and saw 9 of its levels.

You collected 394 gold pieces.
You spent 55 gold pieces at shops.

Inventory:

Hand Weapons
 a - a +0 war axe of chaos (weapon)
Armour
 c - a +0 shield
 v - a +0 ring mail
 x - a +0 pair of gloves (worn)
 F - the +4 chain mail of the Three Spirits (worn) {Str+6 Int+3}
   (You found it on level 8 of the Dungeon)

   It affects your strength (+6).
   It affects your intelligence (+3).
Jewellery
 h - an uncursed ring of stealth
 o - an uncursed ring of magical power
 y - a +4 ring of protection (left hand)
 B - an uncursed ring of resist corrosion
 C - a +4 ring of protection (right hand)
 K - an uncursed ring of protection from fire
Wands
 e - a wand of heal wounds (4/9)
 z - a wand of acid (5/15)
 D - a wand of teleportation (4/9)
 E - a wand of hasting (4/9)
Scrolls
 i - 7 scrolls of remove curse
 r - 2 scrolls of teleportation
 G - 3 scrolls of identify
 I - a scroll of fear {unknown}
Potions
 b - 3 potions of heal wounds
 d - a potion of ambrosia {unknown}
 j - a potion of invisibility {unknown}
 k - 3 potions of agility {unknown}
 l - 7 potions of curing
 m - a potion of flight
 n - a potion of degeneration
 p - 2 potions of berserk rage {unknown}
 t - 3 potions of brilliance {unknown}
 u - 2 potions of haste
Books
 q - Kikubaaqudgha's Handbook of Black Magic
   (Kikubaaqudgha gifted it to you on level 5 of the Dungeon)

   Spells                             Type                      Level
   a - Animate Skeleton               Necromancy                   1
   b - Corpse Rot                     Necromancy                   2
   c - Sublimation of Blood           Necromancy                   2
   d - Vampiric Draining              Necromancy                   3
   e - Control Undead                 Necromancy                   4
 H - Kikubaaqudgha's Reference Book on Dark Rites
   (Kikubaaqudgha gifted it to you on level 8 of the Dungeon)

   Spells                             Type                      Level
   a - Animate Dead                   Necromancy                   4
   b - Agony                          Necromancy                   5
   c - Cigotuvi's Embrace             Necromancy                   5
   d - Dispel Undead                  Necromancy                   5
   e - Simulacrum                     Ice/Necromancy               6
Comestibles
 f - 5 bread rations
 g - 4 beef jerkies
 s - a slice of pizza
 w - 4 meat rations
 A - 3 fruits


   Skills:
 - Level 4.4 Fighting
 - Level 8.6 Axes
 - Level 3.2 Armour
 - Level 4.1 Dodging
 - Level 3.2 Shields
 + Level 7.0 Spellcasting
 - Level 9.2 Necromancy


You had 16 spell levels left.
You knew the following spells:

 Your Spells              Type           Power        Failure   Level  Hunger
a - Control Undead        Necr           ####......   21%         4    ####...
q - Vampiric Draining     Necr           ####......   6%          3    ##.....


Dungeon Overview and Level Annotations

Branches:
Dungeon (9/15)             Temple (0/1) D:7
   Lair: D:8-11         Orc: D:9-12

Altars:
Dithmenos
Elyvilon
Fedhas
Gozag
Kikubaaqudgha
Makhleb
Okawaru
Qazlal
Ru
Vehumet
Yredelemnul
Zin

Shops:
D:6 *   D:7 *

Annotations:
D:7 bon gant, Scuka's ghost, novice MfTm
D:8 wamma's ghost, novice DDBe


Innate Abilities, Weirdness & Mutations

You are resistant to damage.
You can recharge devices by infusing magical energy.
You passively map the area around you.
You do not regenerate naturally.


Message History

Wamma's ghost hits you but does no damage.
Wamma's ghost hits you but does no damage.
There is an open door here.
Your magical contamination has completely faded away.
Wamma's ghost yells, "Who would have thought, even in death it is a pleasure to sever!"
All of the chunks of flesh in your inventory have rotted away.
Wamma's ghost screams in joy, "As in life, so in death: Kill!
Kill!!
Kill!!!"
Wamma's ghost screams, "Zot is a myth, the ORB is a fable, you'll soon be a tale!"
There is a stone staircase leading down here.
Wamma's ghost hits you but does no damage.
You climb downwards.
Found 11 gold pieces.
There is a stone staircase leading up here.
Save game and exit?
Welcome back, spiff the Deep Dwarf Fighter.
Kikubaaqudgha says: Spread unending torment and darkness!
Press ? for a list of commands and other information.
Quiver which item? (- for none, * to show all) (? for menu, Esc to quit)
Okay, then.
Are you sure you want to abandon this character and quit the game? (Confirm with "yes".)

, .# # * *
,.##.# ,
*..#. ,
*...# *
*...# , * ,
*
.#######...#
* *
..........#*
*
#......@..#
##..####...#
, * .#.$# *
, ,## .... ,
** ,,* ..# *
, , ##* * **
*,, , , * *
*, * , , * *
,,, ,, ,


There were no monsters in sight!

Vanquished Creatures
  Joseph (D:8)
  Grinder (D:3)
  Sigmund (D:4)
  A wyvern (D:8)
  6 yaks (D:6)
  Edmund (D:6)
  An ice beast (D:8)
  A sky beast (D:8)
  4 ogres
  A phantom (D:5)
  2 centaurs
  8 big kobolds
  5 giant frogs
  3 scorpions
  5 killer bees (D:7)
  4 wights (D:6)
  A howler monkey (D:6)
  4 crimson imps
  A giant frog zombie (D:5)
  6 hounds
  A jelly (D:8)
  4 orc priests
  2 giant frog skeletons
  4 iguanas
  3 orc wizards
  A worker ant (D:7)
  A killer bee zombie (D:7)
  9 adders
  4 gnolls (D:3)
  4 shadow imps
  An ooze (D:4)
  An adder skeleton (D:4)
  2 adder zombies
  2 dart slugs
  3 giant geckos (D:1)
  15 orcs
  8 bats
  5 giant cockroaches
  10 goblins
  3 hobgoblins
  13 jackals
  4 quokkas
  2 ball pythons
  7 giant newts
  18 kobolds
  7 rats
191 creatures vanquished.

Vanquished Creatures (collateral kills)
  A kobold (D:8)
1 creature vanquished.

Grand Total: 192 creatures vanquished

Notes
Turn   | Place    | Note
--------------------------------------------------------------
     0 | D:1      | spiff the Deep Dwarf Fighter began the quest for the Orb.
     0 | D:1      | Reached XP level 1. HP: 20/20 MP: 1/1
    75 | D:1      | Reached XP level 2. HP: 27/27 MP: 2/2
   385 | D:1      | Reached XP level 3. HP: 25/33 MP: 3/3
   845 | D:2      | Found a blossoming altar of Fedhas.
  1152 | D:2      | Found a glowing silver altar of Zin.
  1154 | D:2      | Found a basalt altar of Yredelemnul.
  1222 | D:2      | Found an ancient bone altar of Kikubaaqudgha.
  1222 | D:2      | Found a stormy altar of Qazlal.
  1232 | D:2      | Became a worshipper of Kikubaaqudgha
  1439 | D:3      | Found a faded altar to an unknown god.
  1470 | D:3      | Reached XP level 4. HP: 6/40 MP: 4/4
  1480 | D:3      | Reached skill level 5 in Axes
  1506 | D:3      | Noticed Grinder
  1508 | D:3      | Paralysed by Grinder for 4 turns
  1521 | D:3      | HP: 2/40 [Grinder/nerve-wracking pain (9)]
  1524 | D:3      | Paralysed by Grinder for 4 turns
  1530 | D:3      | Paralysed by Grinder for 3 turns
  1538 | D:3      | Killed Grinder
  1538 | D:3      | Reached XP level 5. HP: 40/46 MP: 5/5
  1538 | D:3      | Reached XP level 6. HP: 47/55 MP: 6/6
  2122 | D:4      | Noticed Sigmund
  2138 | D:4      | Killed Sigmund
  2138 | D:4      | Reached XP level 7. HP: 43/61 MP: 7/7
  2213 | D:4      | Reached skill level 1 in Dodging
  2641 | D:5      | Entered Level 5 of the Dungeon
  2733 | D:5      | Found a burning altar of Makhleb.
  2733 | D:5      | Found a radiant altar of Vehumet.
  2733 | D:5      | Found a shadowy altar of Dithmenos.
  2924 | D:5      | Found a white marble altar of Elyvilon.
  3010 | D:5      | Reached * piety under Kikubaaqudgha
  3010 | D:5      | Received a gift from Kikubaaqudgha
  3017 | D:5      | Reached XP level 8. HP: 29/73 MP: 8/8
  3028 | D:5      | Identified Kikubaaqudgha's Handbook of Black Magic (Kikubaaqudgha gifted it to you on level 5 of the Dungeon)
  3033 | D:5      | Learned a level 3 spell: Vampiric Draining
  3090 | D:5      | Reached skill level 1 in Necromancy
  3331 | D:5      | Found an iron altar of Okawaru.
  3409 | D:6      | Reached skill level 2 in Necromancy
  3580 | D:5      | Reached skill level 3 in Necromancy
  3751 | D:6      | Noticed Edmund
  3780 | D:6      | Reached skill level 4 in Necromancy
  3782 | D:6      | Killed Edmund
  3834 | D:6      | Reached skill level 5 in Necromancy
  3854 | D:6      | Found an opulent altar of Gozag.
  3871 | D:6      | Reached skill level 6 in Necromancy
  3970 | D:6      | HP: 3/73 [yak (14)]
  3974 | D:6      | Reached skill level 7 in Necromancy
  3974 | D:6      | Gained mutation: You passively map the area around you. [Deep Dwarf growth]
  3974 | D:6      | Reached XP level 9. HP: 25/79 MP: 2/7
  3987 | D:6      | Reached skill level 8 in Necromancy
  3996 | D:6      | Reached skill level 9 in Necromancy
  4209 | D:6      | Found Zuadas's General Store.
  4479 | D:7      | Reached ** piety under Kikubaaqudgha
  4505 | D:7      | Found Roikhuec's General Store.
  4518 | D:7      | Learned a level 4 spell: Control Undead
  4522 | D:7      | Bought a potion of heal wounds for 55 gold pieces
  4533 | D:7      | Reached skill level 1 in Spellcasting
  4660 | D:7      | Found a staircase to the Ecumenical Temple.
  4722 | D:7      | Found a shadowy altar of Dithmenos.
  4843 | D:7      | Found a sacrificial altar of Ru.
  5575 | D:7      | Noticed Scuka's ghost (novice MfTm)
  5842 | D:8      | Got a distressingly furry chain mail
  5859 | D:8      | Identified the +4 chain mail of the Three Spirits {Str+6 Int+3} (You found it on level 8 of the Dungeon)
  6030 | D:8      | Reached skill level 5 in Spellcasting
  6046 | D:8      | Noticed Joseph
  6095 | D:8      | Reached XP level 10. HP: 57/87 MP: 2/16
  6133 | D:8      | Killed Joseph
  6133 | D:8      | Reached *** piety under Kikubaaqudgha
  6133 | D:8      | Received a gift from Kikubaaqudgha
  6145 | D:8      | Identified Kikubaaqudgha's Reference Book on Dark Rites (Kikubaaqudgha gifted it to you on level 8 of the Dungeon)
  6175 | D:8      | Noticed wamma's ghost (novice DDBe)
  6988 | D:9      | Upgraded the game from 0.18.1-48-g4cf74bf to 0.18.1-50-g88ac8fd
  6988 | D:9      | Quit the game

Skill      XL: |  1  2  3  4  5  6  7  8  9 10 |
---------------+-------------------------------+-----
Axes           | 3 4 7 8 |  8.6
Fighting       | 4 |  4.4
Dodging        | 4 |  4.1
Necromancy     | 7 9 |  9.2
Spellcasting   | 5 7 |  7.0
Armour         | |  3.2
Shields        | |  3.2

Action                   |  1- 3 |  4- 6 |  7- 9 | 10-12 || total
-------------------------+-------+-------+-------+-------++-------
Melee: War axe           |   140 |    84 |   433 |    80 ||   737
 Cast: Vampiric Draining |       |       |    60 |    21 ||    81
 Abil: Device Recharging |       |       |     2 |     1 ||     3
Evoke: Wand              |       |     4 |    11 |     1 ||    16
  Use: Scroll            |       |    10 |     3 |       ||    13
       Potion            |       |       |     2 |     1 ||     3
  Eat: Chunk             |     2 |     2 |    19 |     4 ||    27
       Fruit             |       |       |     1 |     1 ||     2
Armor: Scale mail        |    60 |    24 |    64 |       ||   148
       Ring mail         |       |       |   118 |       ||   118
       Chain mail        |       |       |    44 |    62 ||   106
Dodge: Dodged            |    57 |    20 |   272 |    55 ||   404
Block: Shield            |    63 |    32 |       |       ||    95
